 Dungeon Crawl Stone Soup version 0.30-a0-360-g447f08457e (webtiles) character file.

Game seed: 14989743515452716721

86503 Bnni the Impaler (level 16, -2/138 HPs)
             Began as a Formicid Fighter on Nov 13, 2022.
             Was a Believer of Yredelemnul.
             Slain by a steelbarb worm (11 damage)
             ... on level 1 of the Spider Nest.
             The game lasted 01:03:38 (21863 turns).

Bnni the Impaler (Formicid Fighter)                Turns: 21863, Time: 01:03:40

Health: -2/138     AC: 27    Str: 31    XL:     16   Next: 34%
Magic:  23/26      EV: 10    Int:  8    God:    Yredelemnul [**....]
Gold:   93         SH: 11    Dex: 19    Spells: 15/15 levels left

rFire   . . .      SeeInvis +    O - +4 halberd
rCold   + . .      Faith    .    Y - +0 kite shield
rNeg    . . .      Spirit   .    c - +10 plate armour of Gozag's Brutal Revenge {Regen+ Str+4 Dex+4 Stlth+}
rPois   .          Reflect  .    (helmet unavailable)
rElec   .          Harm     .    q - +1 cloak
rCorr   .          Rampage  .    N - +2 pair of gloves
Will    +....                    (no boots)
Stlth   ..........               I - amulet of regeneration
HPRegen 2.03/turn                T - +4 ring of evasion
MPRegen 0.20/turn                Q - ring of protection from cold

@: mighty, spiked, studying Fighting
A: permanent stasis, dig shafts and tunnels, antennae 3, four strong arms
a: Dig, Shaft Self, Renounce Religion, Recall Undead Harvest, Dark Bargain


You were on level 1 of the Spider Nest.
You worshipped Yredelemnul.
Yredelemnul was pleased with you.
You visited 5 branches of the dungeon, and saw 23 of its levels.

You collected 1905 gold pieces.
You spent 1812 gold pieces at shops.

Inventory:

Hand Weapons
 A - a +1 trident of freezing
 O - a +4 halberd (weapon)
Missiles
 f - 3 poisoned darts
 r - 4 curare-tipped darts (quivered)
 z - 5 javelins
Armour
 c - the +10 plate armour of Gozag's Brutal Revenge (worn) {Regen+ Str+4 Dex+4 Stlth+}
   (You bought it in a shop on level 14 of the Dungeon)

   Str:       It affects your strength (+4).
   Dex:       It affects your dexterity (+4).
   Regen:     It increases your rate of health regeneration.
   Stlth:     It makes you more stealthy.
 q - a +1 cloak (worn)
 N - a +2 pair of gloves (worn)
 Y - a +0 kite shield (worn)
Jewellery
 x - a ring of positive energy
 I - an amulet of regeneration (around neck)
 K - a ring of fire
 Q - a ring of protection from cold (right hand)
 R - a ring of positive energy
 T - a +4 ring of evasion (left hand)
 V - an amulet of faith
Wands
 l - a wand of flame (69)
 s - a wand of charming (14)
 G - a wand of iceblast (10)
 H - a wand of mindburst (16)
 L - a wand of polymorph (11)
 U - a wand of quicksilver (11)
Scrolls
 a - 4 scrolls of poison
 e - 2 scrolls of enchant weapon {unknown}
 h - 6 scrolls of butterflies
 i - 2 scrolls of amnesia {unknown}
 m - 3 scrolls of enchant armour
 o - a scroll of blinking {unknown}
 u - 3 scrolls of vulnerability {unknown}
 v - 2 scrolls of magic mapping {unknown}
 w - 4 scrolls of immolation
Potions
 b - 4 potions of lignification
 d - 2 potions of might
 g - 3 potions of heal wounds
 j - 2 potions of brilliance
 k - 6 potions of curing
 n - 2 potions of resistance
 p - 3 potions of attraction
 t - 5 potions of ambrosia
 B - 6 potions of flight
 C - a potion of cancellation
 E - 3 potions of mutation
 F - a potion of invisibility
 J - 7 potions of magic


   Skills:
 + Level 16.2 Fighting
 * Level 20.0 Polearms
 - Level 4.3 Armour
 * Level 6.9 Shields
 + Level 13.7 Invocations


You had 15 spell levels left.
You didn't know any spells.
Your spell library contained the following spells:

 Spells                   Type           Power      Damage    Failure   Level
 Beastly Appendage        Tmut           0%         N/A       100%        1
 Magic Dart               Conj           0%         1d3       100%        1
 Shock                    Conj/Air       0%         1d3       100%        1
 Summon Small Mammal      Summ           0%         N/A       100%        1
 Call Imp                 Summ           0%         N/A       100%        2
 Cigotuvi's Dreadful Rot  Necr/Pois/Air  0%         N/A       100%        2
 Poisonous Vapours        Pois/Air       0%         N/A       100%        2
 Sublimation of Blood     Necr           0%         N/A       100%        2
 Wereblood                Tmut           0%         N/A       100%        2
 Ignite Poison            Fire/Tmut/Pois 0%         N/A       100%        3
 Kindle Blastsparks       Fire/Tloc/Air  0%         2d10      100%        3
 Mephitic Cloud           Conj/Pois/Air  0%         N/A       100%        3
 Portal Projectile        Hex/Tloc       0%         N/A       100%        3
 Spider Form              Tmut/Pois      0%         N/A       100%        3
 Tukima's Dance           Hex            0%         N/A       100%        3
 Airstrike                Air            0%         2d(0-16)  100%        4
 Summon Ice Beast         Ice/Summ       0%         N/A       100%        4
 Alistair's Intoxication  Tmut/Pois      0%         N/A       100%        5
 Blade Hands              Tmut           0%         N/A       100%        5
 Borgnjor's Vile Clutch   Necr/Erth      0%         N/A       100%        5
 Freezing Cloud           Conj/Ice/Air   0%         6-21      100%        5
 Summon Mana Viper        Hex/Summ       0%         N/A       100%        5
 Eringya's Noxious Bog    Tmut/Pois      0%         N/A       100%        6
 Monstrous Menagerie      Summ           0%         N/A       100%        7
 Summon Hydra             Summ           0%         N/A       100%        7
 Swiftness                Air            Unusable   N/A       N/A         3

Dungeon Overview and Level Annotations

Branches:
Dungeon (15/15) Temple (1/1) D:5 Lair (4/5) D:11 Swamp (0/4) Lair:3 Spider (1/4) Lair:3 Orc (2/2) D:12 Elf (0/3) Orc:2 Vaults (0/5) D:12 D:13 Depths (0/4) D:15 Slime: Lair:4-5

Altars:
Ashenzari
Cheibriados
Dithmenos
Elyvilon
Fedhas
Gozag
Hepliaklqana
Kikubaaqudgha
Makhleb
Nemelex Xobeh
Okawaru
Qazlal
Ru
Sif Muna
Trog
Uskayaw
Vehumet
Wu Jian
Xom
Yredelemnul
Zin
The Shining One

Shops:
D:6 !   D:7 *   D:14 [   Orc:2 *[(:***

Annotations:
D:6 1 runed translucent door
D:9 2 transporters


Innate Abilities, Weirdness & Mutations

You cannot be hasted, slowed, berserked, paralysed or teleported.
You can dig through walls and to a lower floor.
You have a pair of large antennae on your head. (SInv)
Your four strong arms can wield two-handed weapons with a shield.


Message History

You block the emperor scorpion's attack.
Saint Roka hits the orb spider with a +1 great sword of draining!!
The orb spider dies!
A freezing mist starts to gather...
An orb spider simulacrum comes into view.
Unknown command.
You puncture the emperor scorpion!
You kill the emperor scorpion!
A freezing mist starts to gather...
An emperor scorpion simulacrum comes into view.
A redback comes into view.
The steelbarb worm hits you.
Barbed spikes become lodged in your body.
The emperor scorpion stings you but does no damage.
The emperor scorpion claws you but does no damage.
You block the emperor scorpion's attack.
Your flayed ghost stares at the steelbarb worm with tortured malice.
Terrible wounds open up all over the steelbarb worm's body!
Saint Roka barely misses the redback.
You block the redback's attack.
You feel very mighty all of a sudden. You block the steelbarb worm's attack.
The emperor scorpion stings you!
You block the emperor scorpion's attack. x2
The redback barely misses you.
Your flayed ghost hits the steelbarb worm!!
Saint Roka calls down the wrath of Yredelemnul upon the redback.
The redback is smitten.
The emperor scorpion simulacrum hits you!
* * * LOW HITPOINT WARNING * * *
The emperor scorpion simulacrum freezes you!
You resist.
* * * LOW HITPOINT WARNING * * *
The emperor scorpion simulacrum claws you but does no damage.
The emperor scorpion simulacrum claws you.
* * * LOW HITPOINT WARNING * * *
The emperor scorpion simulacrum freezes you!
You resist.
* * * LOW HITPOINT WARNING * * *
The steelbarb worm hits you!
You die...
Your body rises from the dead as a mindless zombie.

#..............
.....).........
..............#
#.........s..
..........#
#.....w..###
#.ZZ!Ws....#
#.ssw.s....#
###@Z.......
##......##
########


You could see an emperor scorpion (soul bound, drained), 2 steelbarb worms, 2
orb spiders, 2 redbacks, an orb spider simulacrum, an emperor scorpion
simulacrum, a friendly flayed ghost (summoned) and the friendly Saint Roka the
bound orc.

Vanquished Creatures
  An emperor scorpion (Spider:1)
  A fire dragon (D:13)
  A great orb of eyes (D:15)
  2 hydras
  A rakshasa (D:15)
  An ogre mage (Orc:2)
  2 centaur warriors
  7 boulder beetles
  10 two-headed ogres
  A tengu warrior (D:15)
  Nergalle (Lair:3)
  A spriggan rider (Lair:4)
  A skeletal warrior (D:14)
  2 orc knights
  2 deep elf pyromancers
  8 cyclopes
  9 ugly things
  An orc sorcerer (Orc:2)
  A manticore (D:12)
  3 elephants
  2 gargoyles
  A rime drake (Lair:4)
  Maurice (D:10)
  An unseen horror (D:10)
  5 cane toads
  2 komodo dragons (Lair:1)
  3 trolls
  7 slime creatures
  7 blink frogs
  2 dream sheep (Lair:3)
  A culicivora (Lair:3)
  2 wyverns
  14 yaks
  8 spriggans (Lair:4)
  3 wraiths
  Grum (D:10)
  10 humans
  A steam dragon (D:8)
  4 vampire mosquitoes
  An acid dragon (D:8)
  6 water moccasins
  A sky beast (D:8)
  15 orc warriors
  3 black bears
  9 wolves
  3 boggarts (Lair:4)
  An ice beast (D:8)
  5 ogres
  5 centaurs
  A phantom (D:6)
  4 kobold brigands
  A gnoll sergeant (D:8)
  12 bullfrogs
  3 scorpions
  5 necrophages
  10 wights
  9 killer bees
  3 howler monkeys
  3 electric eels (Lair:2)
  2 centaur zombies (D:5)
  2 bullfrog zombies (D:5)
  A human zombie (D:5)
  9 orc priests
  4 hounds
  2 jellies
  30 orc wizards
  An iguana (D:4)
  3 mummies
  2 howler monkey zombies (D:5)
  10 gnolls
  7 adders
  4 white imps
  4 worms
  2 dart slugs
  80 orcs
  6 bats
  12 endoplasms
  3 giant cockroaches
  13 goblins
  10 hobgoblins
  3 jackals (D:1)
  4 quokkas
  10 ball pythons
  3 frilled lizards
  19 kobolds
  A kobold zombie (D:8)
  9 rats
487 creatures vanquished.

Vanquished Creatures (collateral kills)
  Rupert (D:13)
  Kirke (D:15)
  An ettin (Orc:2)
  Josephine (Lair:4)
  2 ogre magi (D:15)
  A two-headed ogre (D:15)
  3 centaur warriors
  A hydra (D:15)
  A death knight (D:14)
  An orc high priest (Orc:1)
  Urug (Lair:3)
  Sonja (D:13)
  Amaemon (Lair:2)
  The ghost of Asagix the Cleaver, a novice HuBe of Trog (D:6)
  A pharaoh ant (Spider:1)
  2 skeletal warriors (D:14)
  An orb spider (Spider:1)
  5 ugly things
  A manticore (D:11)
  2 cyclopes (D:14)
  An orc knight (Orc:2)
  An orc sorcerer (Orc:2)
  2 black mambas
  4 elephants
  An orange demon (Lair:2)
  4 cane toads
  Maggie (D:9)
  5 komodo dragons
  A freezing wraith (D:15)
  3 trolls
  5 dream sheep (Lair:3)
  7 slime creatures
  4 hornets
  6 blink frogs
  A shadow (D:11)
  3 spriggans (Lair:4)
  2 wraiths (Lair:4)
  9 yaks
  6 humans
  3 redbacks (Spider:1)
  4 vampire mosquitoes
  2 basilisks
  A warg (shapeshifter) (D:15)
  An acid dragon (D:9)
  5 water moccasins
  12 orc warriors
  7 ogres
  5 wolves
  3 centaurs
  6 bullfrogs
  A scorpion (D:11)
  A wight (D:10)
  A killer bee (D:9)
  2 electric eels
  A lava snake (Lair:2)
  11 orc priests
  9 orc wizards
  An adder (D:6)
  A river rat (D:6)
  35 orcs
  2 goblins (D:8)
  4 kobolds
  An orc zombie (D:8)
  A fire vortex (Lair:2)
215 creatures vanquished.

Vanquished Creatures (others)
  A wizard (D:15)
  3 ugly thing zombies (D:14)
  4 centaur zombies
  A boulder beetle zombie (D:11)
  A black mamba zombie (Lair:4)
  A human (D:15)
  A wraith (Lair:4)
  2 slime creature zombies
  A redback (Spider:1)
  2 two-headed ogre zombies
  A hornet zombie (Lair:4)
  A blink frog zombie (Lair:1)
  2 vampire mosquito zombies (D:11)
  A water moccasin zombie (D:8)
  A troll zombie (Orc:2)
  A spriggan zombie (Lair:4)
  2 yak zombies
  5 wolf zombies
  4 bullfrog zombies
  4 human zombies
  A killer bee zombie (D:6)
  4 ogre zombies
  A howler monkey zombie (D:8)
  A spectral electric eel (Lair:4)
  An adder zombie (D:6)
  2 kobold zombies (D:10)
  32 orc zombies
  59 fungi
  75 plants
215 creatures vanquished.

Grand Total: 917 creatures vanquished

Notes
Turn   | Place    | Note
-------+----------+-------------------------------------------
     0 | D:1      | Bnni the Formicid Fighter began the quest for the Orb.
     0 | D:1      | Reached XP level 1. HP: 18/18 MP: 1/1
   210 | D:1      | Reached XP level 2. HP: 21/24 MP: 2/2
   370 | D:1      | Reached XP level 3. HP: 22/29 MP: 3/3
   609 | D:1      | Found a faded altar of an unknown god.
  1241 | D:2      | Reached skill level 3 in Polearms
  1241 | D:2      | Reached skill level 5 in Shields
  1241 | D:2      | Reached XP level 4. HP: 37/37 MP: 4/4
  1413 | D:2      | Found a bloodstained altar of Trog.
  1917 | D:3      | Reached XP level 5. HP: 42/42 MP: 5/5
  2075 | D:3      | Reached skill level 4 in Polearms
  2212 | D:3      | Found a shimmering blue altar of Sif Muna.
  2266 | D:3      | Got Sif Muna's Reference Book on the Union
  2325 | D:3      | Found a bloodstained altar of Trog.
  2366 | D:3      | Reached XP level 6. HP: 49/49 MP: 6/6
  2646 | D:3      | Reached skill level 5 in Polearms
  2946 | D:3      | Found an ornate altar of the Wu Jian Council.
  3186 | D:4      | Reached skill level 5 in Fighting
  3275 | D:4      | Reached XP level 7. HP: 34/56 MP: 5/7
  3638 | D:4      | Reached skill level 6 in Polearms
  3815 | D:5      | Entered Level 5 of the Dungeon
  3910 | D:5      | Found a staircase to the Ecumenical Temple.
  3917 | Temple   | Entered the Ecumenical Temple
  3954 | D:5      | Identified the +1 robe "Buwior" {rElec}
  4099 | D:5      | Found a glowing silver altar of Zin.
  4317 | D:5      | Found a basalt altar of Yredelemnul.
  4344 | D:5      | Became a worshipper of Yredelemnul the Dark
  4371 | D:5      | Reached XP level 8. HP: 64/64 MP: 8/8
  4384 | D:5      | Reached skill level 7 in Polearms
  4619 | D:6      | Found a hide-covered altar of Uskayaw.
  4669 | D:6      | Reached skill level 8 in Polearms
  4869 | D:6      | Noticed a yak
  4869 | D:6      | Noticed a yak
  4869 | D:6      | Noticed a yak
  4890 | D:6      | Killed a yak
  4890 | D:6      | Reached * piety under Yredelemnul
  4891 | D:6      | Reached XP level 9. HP: 72/72 MP: 9/9
  4900 | D:6      | Reached skill level 9 in Polearms
  4903 | D:6      | Reached ** piety under Yredelemnul
  5081 | D:6      | Found a runed translucent door.
  5088 | D:6      | Noticed Asagix's ghost (novice HuBe)
  5098 | D:6      | Reached skill level 10 in Polearms
  5107 | D:6      | Killed Asagix's ghost
  5108 | D:6      | Reached XP level 10. HP: 20/82 MP: 1/10
  5118 | D:6      | Found a runed translucent door.
  5518 | D:6      | Reached *** piety under Yredelemnul
  5559 | D:6      | Reached skill level 11 in Polearms
  5573 | D:6      | Found a radiant altar of Vehumet.
  5753 | D:6      | Found Newnyel's Distillery.
  5889 | D:6      | Bought a potion of heal wounds for 60 gold pieces
  5889 | D:6      | Bought a potion of curing for 36 gold pieces
  6239 | D:7      | Found Rianesu's General Store.
  6247 | D:7      | Bought a potion of heal wounds for 65 gold pieces
  6612 | D:8      | Noticed a cyclops
  6646 | D:8      | Reached skill level 12 in Polearms
  6648 | D:8      | Killed a cyclops
  6904 | D:8      | Reached skill level 10 in Fighting
  7888 | D:9      | Reached XP level 11. HP: 41/92 MP: 5/11
  8094 | D:9      | Found a transporter.
  8100 | D:9      | Noticed Maggie
  8110 | D:9      | Killed Maggie
  8153 | D:9      | Reached skill level 13 in Polearms
  8522 | D:9      | Reached **** piety under Yredelemnul
  8624 | D:9      | Found a white marble altar of Elyvilon.
  8632 | D:9      | Reached ***** piety under Yredelemnul
  8682 | D:9      | Found a transporter.
  8686 | D:9      | Found a transporter.
  8688 | D:9      | Found a transporter.
  8747 | D:9      | Reached skill level 1 in Invocations
  8981 | D:10     | Entered Level 10 of the Dungeon
  8981 | D:10     | Noticed Grum
  9003 | D:10     | Killed Grum
  9071 | D:10     | Noticed a two-headed ogre
  9080 | D:10     | Killed a two-headed ogre
  9097 | D:10     | Noticed a cyclops
  9107 | D:10     | Killed a cyclops
  9395 | D:10     | Found an iron altar of Okawaru.
  9399 | D:10     | Noticed a two-headed ogre
  9573 | D:10     | Killed a two-headed ogre
  9854 | D:10     | Noticed Maurice
  9863 | D:10     | Killed Maurice
  9864 | D:10     | Reached skill level 14 in Polearms
  9928 | D:10     | Found a sacrificial altar of Ru.
  9993 | D:11     | Noticed a boulder beetle
  9993 | D:11     | Noticed a two-headed ogre
  9998 | D:11     | Killed a two-headed ogre
 10022 | D:11     | Killed a boulder beetle
 10048 | D:11     | Found a staircase to the Lair.
 10076 | D:11     | Reached XP level 12. HP: 63/100 MP: 15/15
 10094 | D:11     | Reached skill level 5 in Invocations
 10475 | D:11     | Noticed a boulder beetle
 10488 | D:11     | Killed a boulder beetle
 10489 | D:11     | Reached skill level 15 in Polearms
 10782 | D:12     | Noticed a boulder beetle
 10795 | D:12     | Killed a boulder beetle
 11004 | D:12     | Noticed a two-headed ogre
 11012 | D:12     | Killed a two-headed ogre
 11165 | D:12     | Found a staircase to the Orcish Mines.
 11455 | D:12     | Reached XP level 13. HP: 75/109 MP: 14/18
 11735 | D:13     | Noticed Rupert
 11736 | D:13     | Noticed a fire dragon
 11785 | D:13     | Noticed a centaur warrior
 11785 | D:13     | Found a gate to the Vaults.
 11836 | D:12     | Reached skill level 16 in Polearms
 11945 | D:13     | Killed Rupert
 11984 | D:13     | Killed a fire dragon
 12001 | D:13     | Reached ****** piety under Yredelemnul
 12019 | D:13     | Killed a centaur warrior
 12302 | D:13     | Noticed Sonja
 12311 | D:13     | Killed Sonja
 12550 | D:14     | Noticed a centaur warrior
 12562 | D:14     | Killed a centaur warrior
 12569 | D:14     | Reached skill level 17 in Polearms
 12607 | D:14     | Noticed a centaur warrior
 12616 | D:14     | Killed a centaur warrior
 12816 | D:14     | Found a hazy altar of Hepliaklqana.
 12845 | D:14     | Identified the +1 ring mail of the Crypt {Drain rC+ MP+9
                  | Dex+2}
 12902 | D:14     | Found Burijug's Armour Emporium.
 12957 | D:14     | Reached XP level 14. HP: 59/119 MP: 21/21
 12975 | D:14     | Reached skill level 10 in Invocations
 13523 | D:15     | Entered Level 15 of the Dungeon
 13720 | D:15     | Reached skill level 18 in Polearms
 13722 | D:15     | Found a staircase to the Depths.
 14379 | D:15     | Noticed Kirke
 14400 | D:15     | Killed Kirke
 14401 | D:15     | Reached XP level 15. HP: 95/127 MP: 19/23
 14533 | D:15     | Reached skill level 15 in Fighting
 14826 | Lair:1   | Entered Level 1 of the Lair of Beasts
 15183 | Lair:1   | Reached skill level 19 in Polearms
 15644 | Lair:2   | Noticed Amaemon
 15652 | Lair:2   | Killed Amaemon
 16570 | Lair:3   | Noticed Nergalle
 16577 | Lair:3   | Killed Nergalle
 16591 | Lair:3   | Found a staircase to the Swamp.
 16981 | Lair:3   | Found a hole to the Spider Nest.
 17598 | Lair:3   | Noticed Urug
 17607 | Lair:3   | Killed Urug
 18715 | Lair:4   | Noticed Josephine
 18722 | Lair:4   | Killed Josephine
 18854 | Lair:4   | Reached XP level 16. HP: 138/138 MP: 25/25
 19037 | Lair:4   | Reached skill level 20 in Polearms
 19530 | Orc:1    | Entered Level 1 of the Orcish Mines
 20058 | Orc:2    | Entered Level 2 of the Orcish Mines
 20158 | Orc:2    | Found Boprefuw's Mass Market.
 20204 | Orc:2    | Found a staircase to the Elven Halls.
 20244 | Orc:2    | Found Boco's Bounteous Boutique.
 20485 | Orc:2    | Noticed Saint Roka
 20503 | Orc:2    | Found Coegriu's Antique Weapon Shoppe.
 20507 | Orc:2    | Killed Saint Roka
 20507 | Orc:2    | Enslaved Saint Roka
 20516 | Orc:2    | Found Lyryat's Antique Armour Emporium.
 20668 | Orc:2    | Found Cuylot's General Store.
 20877 | Orc:2    | Found Liewysal's Luxury Loot.
 20997 | Orc:2    | Found Qitach's Book Shoppe.
 21260 | D:14     | Bought the +10 plate armour of Gozag's Brutal Revenge
                  | {Regen+ Str+4 Dex+4 Stlth+} for 1593 gold pieces
 21442 | D:7      | Bought a scroll of identify for 26 gold pieces
 21645 | Orc:2    | Bought a scroll of identify for 32 gold pieces
 21651 | Orc:2    | Identified a scroll of acquirement
 21651 | Orc:2    | Acquired a manual of Fighting
 21843 | Spider:1 | Entered Level 1 of the Spider Nest
 21843 | Spider:1 | Noticed an emperor scorpion
 21843 | Spider:1 | Noticed an emperor scorpion
 21862 | Spider:1 | Killed an emperor scorpion
 21863 | Spider:1 | Slain by a steelbarb worm

Illustrated notes

Levels and vault maps discovered:
D:1:      kennysheep_arrival_seaside, layout_basic,
          shapermc_ecumenical_altar_pompeii, minmay_pentomino_r4
D:2:      layout_loops_ring, basic_altar
D:3:      minmay_chambers_of_threes, layout_loops_ring,
          nzn_overflow_gifts_of_might_and_magic,
          pdpol_wu_jian_five_deadly_venoms
D:4:      layout_basic, glass_columns_a
D:5:      layout_cave_pools, overflow_temple_1_default,
          lemuel_mausoleum_altar_yredelemnul, temple_statues
D:6:      layout_loops_cross, vehumet_altar_wand_db,
          mainiacjoe_overflow_surrounded_room, ebering_ghost_sewer_f,
          serial_shops, kennysheep_mini
D:7:      layout_basic, serial_shops, shop, lightli_orcish_oven
D:8:      minmay_slanted_spiral_squares, layout_basic,
          nicolae_ossuary_entry_giza, lightli_bailey_entry_fortress
D:9:      layout_irregular_city, old_standard_altar, nicolae_diode_intersection,
          uniq_maggie
D:10:     layout_roguey, nicolae_ru_path_of_blood, mainiacjoe_overflow_brackets,
          uniq_grum, uniq_maurice
D:11:     layout_roguey, due_lair_maze_entry_diamond, roderic_lattice_a
D:12:     layout_roguey, hiddenorc1_lemuel
D:13:     layout_rooms, david_vaults_3, uniq_sonja
D:14:     layout_small_grid, serial_shops, shop, old_standard_altar
D:15:     gammafunk_enter_depths_forms, layout_long_grid, minmay_misc_feat_x,
          uniq_kirke
Temple:   nicolae_temple_no_exploring_needed
Lair:1:   layout_concentric_octagons
Lair:2:   layout_gridlike, serial_bayou_lake_a, infiniplex_staircase_pool_2,
          uniq_amaemon
Lair:3:   layout_cellular_growth, swamp_mist, spider_nest_entry_rubble,
          uniq_urug, uniq_nergalle
Lair:4:   kb_forest_paths, layout_loops_ring, nicolae_quartered_pool_little,
          lemuel_old_faithful, uniq_josephine
Spider:1: spiders_nest_a
Orc:1:    layout_caves
Orc:2:    grunt_orc_community_town_hall, layout_caves,
          grunt_orc_community_big_house_2, grunt_orc_community_big_house_2,
          grunt_orc_community_house_1, grunt_orc_community_house_1,
          grunt_orc_community_house_1, grunt_orc_community_house_2,
          nicolae_orc_damp_corner, nicolae_alphabet_shops, minmay_shop_mass,
          nicolae_alphabet_shops, mines4_lemuel, uniq_rupert

Skill      XL: |  1  2  3  4  5  6  7  8  9 10 11 12 13 14 15 16 |
---------------+-------------------------------------------------+-----
Polearms       | 3 4 5 6 8 10 12 14 15 17 18 19 20 | 20.0
Shields        | 5 6 |  6.9
Fighting       | 4 5 7 8 10 11 12 13 14 15 16 | 16.2
Invocations    | 4 7 9 11 13 | 13.7
Armour         | 4 |  4.3

Action                   |  1- 3 |  4- 6 |  7- 9 | 10-12 | 13-15 | 16-18 || total
-------------------------+-------+-------+-------+-------+-------+-------++-------
Melee: Trident           |   113 |   221 |   196 |       |     4 |       ||   534
       Halberd           |       |       |    92 |   597 |   719 |   213 ||  1621
       Glaive            |       |       |       |       |       |     5 ||     5
Throw: Dart              |       |       |       |     9 |     1 |       ||    10
       Throwing net      |       |       |       |     3 |       |       ||     3
Invok: Recall Undead Har |       |       |       |     2 |    11 |     3 ||    16
       Drain Life        |       |       |       |     1 |     3 |     1 ||     5
       Bind Soul         |       |       |       |     1 |     2 |     1 ||     4
       Dark Bargain      |       |       |       |     1 |     3 |     8 ||    12
 Abil: Dig               |       |       |       |     1 |       |       ||     1
Evoke: Wand              |       |       |     2 |     5 |     1 |       ||     8
  Use: Potion            |       |     1 |     2 |     4 |     4 |     3 ||    14
       Scroll            |       |       |     4 |     7 |     5 |     8 ||    24
 Stab: Distracted        |       |       |     1 |     6 |    12 |     2 ||    21
       Held in net/web   |       |       |       |     4 |       |       ||     4
       Fleeing           |       |       |       |       |       |     1 ||     1
Armor: Scale mail        |    37 |       |       |       |       |       ||    37
       Chain mail        |    11 |    71 |       |       |       |       ||    82
       Plate armour      |       |     3 |   148 |   219 |   206 |    68 ||   644
       Skin              |       |       |       |    24 |       |       ||    24
Dodge: Dodged            |    49 |    51 |    73 |    97 |   128 |    41 ||   439
Block: Buckler           |    18 |    34 |    60 |   103 |   102 |       ||   317
       Kite shield       |       |       |       |       |       |    62 ||    62

Table legend: (Time is in decaauts)
 A = Elapsed time spent in this place.
 B = Non-inter-level travel time spent in this place.
 C = Inter-level travel time spent in this place.
 D = Time resting spent in this place.
 E = Time spent auto-exploring this place.
 F = Levels seen in this place.
 G = Mean time per level.
                   A        B        C        D        E       F      G
               +--------+--------+--------+--------+--------+-----+--------+
         Total |  21632 |  20025 |   1607 |   1810 |  13753 |  23 |  940.5 |
       Dungeon |  15233 |  14042 |   1191 |   1070 |   9537 |  15 | 1015.5 |
        Temple |      1 |      1 |      0 |      0 |      0 |   1 |    1.0 |
          Lair |   4634 |   4361 |    273 |    563 |   3145 |   4 | 1158.5 |
   Spider Nest |     17 |     17 |      0 |      0 |      0 |   1 |   17.0 |
  Orcish Mines |   1745 |   1604 |    141 |    177 |   1070 |   2 |  872.5 |
               +--------+--------+--------+--------+--------+-----+--------+

Top non-repeatable levels by time:
  Lair:3: 1517 daAuts
     D:8: 1449 daAuts
  Lair:4: 1420 daAuts
     D:6: 1330 daAuts
    D:12: 1283 daAuts
     D:9: 1236 daAuts
   Orc:2: 1199 daAuts
    D:15: 1188 daAuts
     D:3: 1186 daAuts
     D:1: 1078 daAuts
    D:14: 1030 daAuts
    D:10: 1029 daAuts
  Lair:2: 903 daAuts
     D:4: 900 daAuts
    D:11: 826 daAuts
